Sharks vs Ducks

Created - October 8 2007 at 11:48

Goals
1 2 3 T
Sharks 1 0 1 2
Ducks 1 0 0 1
Shots
1 2 3 T
Sharks 8 7 6 21
Ducks 6 9 11 26

Period #1

1. Sharks , Stu Barnes 1 (Colby Armstrong) at 10:43
2. Ducks , Hal Gill 1 (Francois Beauchemin, Andrew Brunette) at 18:59 (PP)

Penalities :
Bryan Allen (ANA) for Interference (Minor) at 0:49, Steve Bernier (SJS) for Close Hand On Puck (Minor) at 12:29, Joe Thornton (SJS) for Hooking (Minor) at 14:59, Ville Peltonen (SJS) for Hooking (Minor) at 17:29

Period #2

No Goal

Penalities :
Francois Beauchemin (ANA) for Goalie Interference (Minor) at 0:56, Samuel Pahlsson (ANA) for Cross-checking (Minor) at 2:20, Samuel Pahlsson (ANA) for Boarding (Minor) at 6:27, Todd Marchant (ANA) for Hooking (Minor) at 8:22, Ville Peltonen (SJS) for Slashing (Minor) at 13:56, Kyle Mclaren (SJS) for Hooking (Minor) at 16:27

Period #3

3. Sharks , Jonathan Cheechoo 1 (Markus Naslund, Joe Thornton) at 6:49 (PP)

Penalities :
Francois Beauchemin (ANA) for Tripping (Minor) at 6:27, Milan Michalek (SJS) for Hooking (Minor) at 15:57, Joe Thornton (SJS) for Hooking (Minor) at 16:00, Andy Mcdonald (ANA) for Holding Stick (Minor) at 19:41

Goalie Stats

Rick Dipietro (SJS), 25 saves from 26 shots - (0.962), W, 3-0-1, 60:00 minutes
Jean-Sebastien Giguere (ANA), 19 saves from 21 shots - (0.905), L, 2-1-0, 59:25 minutes

Players Stats

Sharks
Player Name              G  A  P  +/- PIM S  H  SB FO MP 
-----------------------------------------------------------
Barret Jackman           0  0  0   0  0   0  2  3  0  19 
Christian Ehrhoff        0  0  0   0  0   0  1  0  0  20 
Colby Armstrong          0  1  1   1  0   1  1  0  0  10 
Corey Perry              0  0  0   0  0   3  1  0  4  19 
Joe Thornton             0  1  1   0  4   1  0  0  26 17 
Jonathan Cheechoo        1  0  1   0  0   2  1  0  7  19 
Kyle Mclaren             0  0  0   0  2   1  2  0  0  19 
Markus Naslund           0  1  1   0  0   2  0  1  5  22 
Matt Carle               0  0  0   0  0   0  0  2  0  20 
Milan Michalek           0  0  0   0  2   3  1  0  2  18 
Nik Antropov             0  0  0   1  0   0  2  0  2  10 
Ryan Getzlaf             0  0  0   0  0   1  0  2  16 18 
Sergei Gonchar           0  0  0   1  0   1  1  3  0  23 
Steve Bernier            0  0  0   0  2   0  2  0  0  10 
Stu Barnes               1  0  1   1  0   4  2  0  12 11 
Teppo Numminen           0  0  0   1  0   2  1  1  0  23 
Tomas Plekanec           0  0  0   0  0   0  0  0  8  13 
Ville Peltonen           0  0  0   0  4   0  1  0  0  13 
Ducks
Player Name              G  A  P  +/- PIM S  H  SB FO MP 
-----------------------------------------------------------
Andrew Brunette          0  1  1   0  0   2  0  1  2  17 
Andy Mcdonald            0  0  0  -1  2   1  0  0  19 20 
Bryan Allen              0  0  0  -1  2   0  1  0  0  23 
Chris Kunitz             0  0  0   0  0   3  0  0  0  15 
Chris Pronger            0  0  0   0  0   0  0  0  0  21 
Francois Beauchemin      0  1  1   0  4   2  0  2  0  22 
Hal Gill                 1  0  1   0  0   1  2  1  0  19 
Marek Malik              0  0  0   0  0   0  0  0  0  16 
Mike Fisher              0  0  0  -1  0   3  5  0  0  24 
Mike Sillinger           0  0  0   0  0   2  0  0  2  16 
Patrick Marleau          0  0  0  -1  0   5  0  0  11 22 
Paul Stastny             0  0  0   0  0   3  2  0  20 16 
Petr Cajanek             0  0  0   0  0   2  1  0  9  14 
Samuel Pahlsson          0  0  0   0  4   0  1  0  7  7  
Scott Niedermayer        0  0  0  -1  0   0  0  0  0  23 
Todd Marchant            0  0  0   0  2   0  1  0  12 8  
Travis Green             0  0  0   0  0   0  2  0  0  9  
Tuomo Ruutu              0  0  0   0  0   2  2  0  0  15 

3 Stars

1 - Rick Dipietro (SJS)
2 - Stu Barnes (SJS)
3 - Hal Gill (ANA)

Power Play

Sharks - 1 on 7 Attempt(s) - 14.29%
Ducks - 1 on 7 Attempt(s) - 14.29%

Penalty Kill

Sharks - 6 on 7 Attempt(s) - 85.71% - Score 0 goal in Penalty Kill
Ducks - 6 on 7 Attempt(s) - 85.71% - Score 0 goal in Penalty Kill

Game Notes

No Game Note

Finance

Level 1 -- Attendance: 4057 (67.61%) -- Ticket Income $405,700.00
Level 2 -- Attendance: 2836 (67.95%) -- Ticket Income $170,160.00
Level 3 -- Attendance: 1880 (94.00%) -- Ticket Income $65,800.00
Level 4 -- Attendance: 3703 (92.56%) -- Ticket Income $74,060.00
Luxury Box -- Attendance: 776 (77.61%) -- Ticket Income $155,200.00
Game was played at the Arrowhead Pond
Total Attendance: 13252 (77.16%)
Total Ticket Income: $955,582.10
Other Income: $177,484.80
Total Income: $1,133,067.00


Play by Play

Period #1

0:01 of 1st period - Andy Mcdonald wins face-off versus Jonathan Cheechoo in neutral zone.
0:09 of 1st period - Shot by Patrick Marleau.
0:09 of 1st period - Stopped by Rick Dipietro without a rebound.
0:10 of 1st period - Paul Stastny wins face-off versus Ryan Getzlaf in Sharks zone.
0:13 of 1st period - Shot by Chris Kunitz.
0:13 of 1st period - Shot Blocked by Barret Jackman.
0:15 of 1st period - Shot by Paul Stastny.
0:15 of 1st period - Shot Blocked by Ryan Getzlaf.
0:19 of 1st period - Shot by Chris Kunitz.
0:19 of 1st period - Stopped by Rick Dipietro without a rebound.
0:20 of 1st period - Joe Thornton wins face-off versus Andy Mcdonald in Sharks zone.
0:20 of 1st period - Joe Thornton is hit by Mike Fisher.
0:36 of 1st period - Shot by Andy Mcdonald.
0:36 of 1st period - Shot Misses the Net.
0:47 of 1st period - Jonathan Cheechoo is hit by Bryan Allen and loses puck.
0:49 of 1st period - Minor Penalty to Bryan Allen for Interference.
0:50 of 1st period - Ryan Getzlaf wins face-off versus Samuel Pahlsson in Ducks zone.
0:51 of 1st period - Shot by Milan Michalek.
0:51 of 1st period - Stopped by Jean-Sebastien Giguere without a rebound.
0:52 of 1st period - Samuel Pahlsson wins face-off versus Ryan Getzlaf in Ducks zone.
1:11 of 1st period - Shot by Teppo Numminen.
1:11 of 1st period - Stopped by Jean-Sebastien Giguere without a rebound.
1:12 of 1st period - Joe Thornton wins face-off versus Todd Marchant in Ducks zone.
1:12 of 1st period - Joe Thornton is hit by Mike Fisher.
1:27 of 1st period - Markus Naslund is hit by Mike Fisher and loses puck.
1:42 of 1st period - Shot by Christian Ehrhoff.
1:42 of 1st period - Shot Blocked by Francois Beauchemin.
1:44 of 1st period - Shot by Christian Ehrhoff.
1:44 of 1st period - Shot Blocked by Francois Beauchemin.
1:46 of 1st period - Shot by Sergei Gonchar.
1:46 of 1st period - Shot Misses the Net.
1:48 of 1st period - Shot by Sergei Gonchar.
1:48 of 1st period - Stopped by Jean-Sebastien Giguere without a rebound.
1:49 of 1st period - Ryan Getzlaf wins face-off versus Samuel Pahlsson in Ducks zone.
3:10 of 1st period - Shot by Tuomo Ruutu.
3:10 of 1st period - Shot Blocked by Matt Carle.
4:02 of 1st period - Shot by Andrew Brunette.
4:02 of 1st period - Shot Blocked by Barret Jackman.
4:46 of 1st period - Shot by Colby Armstrong.
4:46 of 1st period - Shot Misses the Net.
5:41 of 1st period - Shot by Tuomo Ruutu.
5:41 of 1st period - Stopped by Rick Dipietro with a rebound.
6:36 of 1st period - Shot by Steve Bernier.
6:36 of 1st period - Shot Blocked by Hal Gill.
6:38 of 1st period - Shot by Stu Barnes.
6:38 of 1st period - Stopped by Jean-Sebastien Giguere without a rebound.
6:39 of 1st period - Tomas Plekanec wins face-off versus Paul Stastny in Ducks zone.
6:46 of 1st period - Icing by Chris Pronger.
6:47 of 1st period - Paul Stastny wins face-off versus Stu Barnes in Ducks zone.
8:27 of 1st period - Shot by Corey Perry.
8:27 of 1st period - Stopped by Jean-Sebastien Giguere without a rebound.
8:28 of 1st period - Ryan Getzlaf wins face-off versus Petr Cajanek in Ducks zone.
8:47 of 1st period - Barret Jackman is hit by Tuomo Ruutu and loses puck.
10:20 of 1st period - Shot by Teppo Numminen.
10:20 of 1st period - Stopped by Jean-Sebastien Giguere without a rebound.
10:21 of 1st period - Stu Barnes wins face-off versus Andy Mcdonald in Ducks zone.
10:32 of 1st period - Shot by Patrick Marleau.
10:32 of 1st period - Shot Misses the Net.
10:38 of 1st period - Bryan Allen is hit by Stu Barnes and loses puck.
10:43 of 1st period - Shot by Stu Barnes.
10:43 of 1st period - Goal by Stu Barnes - Sharks : 1 - Ducks : 0.
10:44 of 1st period - Petr Cajanek wins face-off versus Ryan Getzlaf in neutral zone.
10:57 of 1st period - Shot by Tuomo Ruutu.
10:57 of 1st period - Deflect By Petr Cajanek.
10:57 of 1st period - Shot Misses the Net.
11:01 of 1st period - Shot by Mike Sillinger.
11:01 of 1st period - Shot Misses the Net.
11:16 of 1st period - Mike Sillinger is hit by Barret Jackman and loses puck.
11:46 of 1st period - Patrick Marleau is hit by Steve Bernier and loses puck.
12:13 of 1st period - Andy Mcdonald is hit by Steve Bernier and loses puck.
12:19 of 1st period - Andy Mcdonald is hit by Barret Jackman and loses puck.
12:29 of 1st period - Minor Penalty to Steve Bernier for Close Hand On Puck.
12:30 of 1st period - Paul Stastny wins face-off versus Jonathan Cheechoo in neutral zone.
13:11 of 1st period - Shot by Andrew Brunette.
13:11 of 1st period - Stopped by Rick Dipietro with a rebound.
14:58 of 1st period - Shot by Corey Perry.
14:58 of 1st period - Stopped by Jean-Sebastien Giguere without a rebound.
14:59 of 1st period - Todd Marchant wins face-off versus Stu Barnes in Ducks zone.
14:59 of 1st period - Minor Penalty to Joe Thornton for Hooking.
15:00 of 1st period - Andy Mcdonald wins face-off versus Jonathan Cheechoo in Ducks zone.
16:49 of 1st period - Jonathan Cheechoo is hit by Mike Fisher and loses puck.
17:14 of 1st period - Shot by Tuomo Ruutu.
17:14 of 1st period - Stopped by Rick Dipietro without a rebound.
17:15 of 1st period - Todd Marchant wins face-off versus Tomas Plekanec in Sharks zone.
17:29 of 1st period - Minor Penalty to Ville Peltonen for Hooking.
17:30 of 1st period - Joe Thornton wins face-off versus Paul Stastny in neutral zone.
18:52 of 1st period - Andrew Brunette is hit by Christian Ehrhoff and loses puck.
18:57 of 1st period - Shot by Francois Beauchemin.
18:57 of 1st period - Shot Misses the Net.
18:59 of 1st period - Shot by Hal Gill.
18:59 of 1st period - Goal by Hal Gill - Sharks : 1 - Ducks : 1.
19:00 of 1st period - Tomas Plekanec wins face-off versus Todd Marchant in neutral zone.
19:06 of 1st period - Icing by Marek Malik.
19:07 of 1st period - Todd Marchant wins face-off versus Corey Perry in Ducks zone.
19:21 of 1st period - Icing by Francois Beauchemin.
19:22 of 1st period - Nik Antropov wins face-off versus Todd Marchant in Ducks zone.
19:22 of 1st period - Stu Barnes is hit by Samuel Pahlsson and loses puck.
19:46 of 1st period - Samuel Pahlsson is hit by Sergei Gonchar and loses puck.
19:56 of 1st period - Off-side.
19:57 of 1st period - Ryan Getzlaf wins face-off versus Petr Cajanek in neutral zone.

Period #2

0:01 of 2nd period - Joe Thornton wins face-off versus Andy Mcdonald in neutral zone.
0:07 of 2nd period - Icing by Bryan Allen.
0:08 of 2nd period - Patrick Marleau wins face-off versus Ryan Getzlaf in Ducks zone.
0:21 of 2nd period - Shot by Andy Mcdonald.
0:21 of 2nd period - Shot Misses the Net.
0:23 of 2nd period - Shot by Andy Mcdonald.
0:23 of 2nd period - Shot Blocked by Ryan Getzlaf.
0:31 of 2nd period - Shot by Patrick Marleau.
0:31 of 2nd period - Stopped by Rick Dipietro without a rebound.
0:32 of 2nd period - Joe Thornton wins face-off versus Paul Stastny in Sharks zone.
0:32 of 2nd period - Joe Thornton is hit by Paul Stastny.
0:46 of 2nd period - Jonathan Cheechoo is hit by Paul Stastny and loses puck.
0:56 of 2nd period - Minor Penalty to Francois Beauchemin for Goalie Interference.
0:57 of 2nd period - Ryan Getzlaf wins face-off versus Samuel Pahlsson in Ducks zone.
1:03 of 2nd period - Shot by Ryan Getzlaf.
1:03 of 2nd period - Stopped by Jean-Sebastien Giguere without a rebound.
1:04 of 2nd period - Todd Marchant wins face-off versus Joe Thornton in Ducks zone.
2:18 of 2nd period - Ryan Getzlaf is hit by Travis Green and loses puck.
2:20 of 2nd period - Minor Penalty to Samuel Pahlsson for Cross-checking.
2:21 of 2nd period - Joe Thornton wins face-off versus Patrick Marleau in Ducks zone.
2:24 of 2nd period - Shot by Joe Thornton.
2:24 of 2nd period - Stopped by Jean-Sebastien Giguere without a rebound.
2:25 of 2nd period - Patrick Marleau wins face-off versus Ryan Getzlaf in Ducks zone.
2:31 of 2nd period - Icing by Teppo Numminen.
2:32 of 2nd period - Patrick Marleau wins face-off versus Milan Michalek in Sharks zone.
2:48 of 2nd period - Off-side.
2:49 of 2nd period - Joe Thornton wins face-off versus Patrick Marleau in neutral zone.
2:56 of 2nd period - Shot by Jonathan Cheechoo.
2:56 of 2nd period - Shot Misses the Net.
3:45 of 2nd period - Ryan Getzlaf is hit by Travis Green and loses puck.
4:44 of 2nd period - Tuomo Ruutu is hit by Colby Armstrong and loses puck.
5:51 of 2nd period - Shot by Paul Stastny.
5:51 of 2nd period - Shot Blocked by Matt Carle.
5:53 of 2nd period - Shot by Francois Beauchemin.
5:53 of 2nd period - Stopped by Rick Dipietro with a rebound.
5:57 of 2nd period - Shot by Paul Stastny.
5:57 of 2nd period - Stopped by Rick Dipietro without a rebound.
5:58 of 2nd period - Joe Thornton wins face-off versus Patrick Marleau in Sharks zone.
6:00 of 2nd period - Icing by Jonathan Cheechoo.
6:01 of 2nd period - Andy Mcdonald wins face-off versus Milan Michalek in Sharks zone.
6:04 of 2nd period - Shot by Patrick Marleau.
6:04 of 2nd period - Shot Blocked by Teppo Numminen.
6:24 of 2nd period - Shot by Jonathan Cheechoo.
6:24 of 2nd period - Stopped by Jean-Sebastien Giguere without a rebound.
6:25 of 2nd period - Stu Barnes wins face-off versus Todd Marchant in Ducks zone.
6:27 of 2nd period - Minor Penalty to Samuel Pahlsson for Boarding.
6:28 of 2nd period - Todd Marchant wins face-off versus Joe Thornton in Ducks zone.
6:40 of 2nd period - Icing by Jonathan Cheechoo.
6:41 of 2nd period - Todd Marchant wins face-off versus Joe Thornton in Sharks zone.
6:42 of 2nd period - Shot by Mike Fisher.
6:42 of 2nd period - Shot Blocked by Sergei Gonchar.
6:46 of 2nd period - Shot by Mike Fisher.
6:46 of 2nd period - Shot Blocked by Sergei Gonchar.
6:50 of 2nd period - Shot by Francois Beauchemin.
6:50 of 2nd period - Shot Hit the Post.
6:52 of 2nd period - Shot by Francois Beauchemin.
6:52 of 2nd period - Stopped by Rick Dipietro without a rebound.
6:53 of 2nd period - Patrick Marleau wins face-off versus Corey Perry in Sharks zone.
7:36 of 2nd period - Joe Thornton is hit by Todd Marchant and loses puck.
8:22 of 2nd period - Minor Penalty to Todd Marchant for Hooking.
8:23 of 2nd period - Ryan Getzlaf wins face-off versus Patrick Marleau in Ducks zone.
9:09 of 2nd period - Icing by Jonathan Cheechoo.
9:10 of 2nd period - Andy Mcdonald wins face-off versus Joe Thornton in Sharks zone.
9:42 of 2nd period - Kyle Mclaren is hit by Mike Fisher and loses puck.
9:49 of 2nd period - Shot by Kyle Mclaren.
9:49 of 2nd period - Stopped by Jean-Sebastien Giguere without a rebound.
9:50 of 2nd period - Ryan Getzlaf wins face-off versus Patrick Marleau in Ducks zone.
10:14 of 2nd period - Off-side.
10:15 of 2nd period - Patrick Marleau wins face-off versus Joe Thornton in neutral zone.
10:28 of 2nd period - Shot by Stu Barnes.
10:28 of 2nd period - Stopped by Jean-Sebastien Giguere without a rebound.
10:29 of 2nd period - Petr Cajanek wins face-off versus Stu Barnes in Ducks zone.
10:49 of 2nd period - Teppo Numminen is hit by Hal Gill and loses puck.
10:57 of 2nd period - Off-side.
10:58 of 2nd period - Ryan Getzlaf wins face-off versus Paul Stastny in neutral zone.
12:00 of 2nd period - Shot by Tomas Plekanec.
12:00 of 2nd period - Shot Misses the Net.
12:04 of 2nd period - Shot by Tomas Plekanec.
12:04 of 2nd period - Shot Misses the Net.
12:06 of 2nd period - Shot by Kyle Mclaren.
12:06 of 2nd period - Shot Misses the Net.
12:08 of 2nd period - Shot by Tomas Plekanec.
12:08 of 2nd period - Shot Misses the Net.
12:12 of 2nd period - Shot by Corey Perry.
12:12 of 2nd period - Stopped by Jean-Sebastien Giguere without a rebound.
12:13 of 2nd period - Andy Mcdonald wins face-off versus Joe Thornton in Ducks zone.
12:15 of 2nd period - Icing by Scott Niedermayer.
12:16 of 2nd period - Joe Thornton wins face-off versus Andy Mcdonald in Ducks zone.
12:34 of 2nd period - Shot by Joe Thornton.
12:34 of 2nd period - Shot Misses the Net.
12:38 of 2nd period - Shot by Jonathan Cheechoo.
12:38 of 2nd period - Shot Misses the Net.
12:44 of 2nd period - Shot by Jonathan Cheechoo.
12:44 of 2nd period - Shot Misses the Net.
13:32 of 2nd period - Corey Perry is hit by Hal Gill and loses puck.
13:56 of 2nd period - Minor Penalty to Ville Peltonen for Slashing.
13:57 of 2nd period - Joe Thornton wins face-off versus Paul Stastny in Sharks zone.
14:05 of 2nd period - Icing by Chris Kunitz.
14:06 of 2nd period - Joe Thornton wins face-off versus Paul Stastny in Ducks zone.
14:07 of 2nd period - Shot by Markus Naslund.
14:07 of 2nd period - Stopped by Jean-Sebastien Giguere without a rebound.
14:08 of 2nd period - Patrick Marleau wins face-off versus Joe Thornton in Ducks zone.
14:21 of 2nd period - Shot by Patrick Marleau.
14:21 of 2nd period - Deflect By Andy Mcdonald.
14:21 of 2nd period - Stopped by Rick Dipietro without a rebound.
14:22 of 2nd period - Jonathan Cheechoo wins face-off versus Paul Stastny in Sharks zone.
15:35 of 2nd period - Shot by Patrick Marleau.
15:35 of 2nd period - Deflect By Andy Mcdonald.
15:35 of 2nd period - Shot Misses the Net.
15:37 of 2nd period - Shot by Scott Niedermayer.
15:37 of 2nd period - Shot Blocked by Barret Jackman.
15:39 of 2nd period - Shot by Bryan Allen.
15:39 of 2nd period - Shot Misses the Net.
15:43 of 2nd period - Shot by Andy Mcdonald.
15:43 of 2nd period - Shot Misses the Net.
15:45 of 2nd period - Shot by Andy Mcdonald.
15:45 of 2nd period - Shot Hit the Post.
15:49 of 2nd period - Shot by Patrick Marleau.
15:49 of 2nd period - Shot Misses the Net.
16:00 of 2nd period - Icing by Marek Malik.
16:01 of 2nd period - Petr Cajanek wins face-off versus Tomas Plekanec in Ducks zone.
16:25 of 2nd period - Petr Cajanek is hit by Kyle Mclaren and loses puck.
16:27 of 2nd period - Minor Penalty to Kyle Mclaren for Hooking.
16:28 of 2nd period - Paul Stastny wins face-off versus Jonathan Cheechoo in Sharks zone.
16:32 of 2nd period - Andrew Brunette is hit by Jonathan Cheechoo and loses puck.
17:45 of 2nd period - Shot by Patrick Marleau.
17:45 of 2nd period - Shot Misses the Net.
17:47 of 2nd period - Shot by Mike Fisher.
17:47 of 2nd period - Stopped by Rick Dipietro with a rebound.
18:10 of 2nd period - Shot by Chris Kunitz.
18:10 of 2nd period - Shot Misses the Net.
18:14 of 2nd period - Shot by Andrew Brunette.
18:14 of 2nd period - Stopped by Rick Dipietro without a rebound.
18:15 of 2nd period - Jonathan Cheechoo wins face-off versus Andy Mcdonald in Sharks zone.
18:32 of 2nd period - Shot by Tuomo Ruutu.
18:32 of 2nd period - Shot Misses the Net.
18:59 of 2nd period - Off-side.
19:00 of 2nd period - Samuel Pahlsson wins face-off versus Stu Barnes in neutral zone.
19:06 of 2nd period - Off-side.
19:07 of 2nd period - Paul Stastny wins face-off versus Stu Barnes in neutral zone.
19:18 of 2nd period - Shot by Paul Stastny.
19:18 of 2nd period - Shot Misses the Net.
19:20 of 2nd period - Shot by Paul Stastny.
19:20 of 2nd period - Shot Blocked by Sergei Gonchar.
19:22 of 2nd period - Shot by Chris Kunitz.
19:22 of 2nd period - Stopped by Rick Dipietro with a rebound.
19:26 of 2nd period - Shot by Paul Stastny.
19:26 of 2nd period - Stopped by Rick Dipietro without a rebound.
19:27 of 2nd period - Andy Mcdonald wins face-off versus Tomas Plekanec in Sharks zone.
19:28 of 2nd period - Shot by Patrick Marleau.
19:28 of 2nd period - Shot Misses the Net.

Period #3

0:01 of 3rd period - Petr Cajanek wins face-off versus Tomas Plekanec in neutral zone.
0:42 of 3rd period - Shot by Mike Sillinger.
0:42 of 3rd period - Stopped by Rick Dipietro without a rebound.
0:43 of 3rd period - Andy Mcdonald wins face-off versus Stu Barnes in Sharks zone.
0:48 of 3rd period - Shot by Mike Fisher.
0:48 of 3rd period - Stopped by Rick Dipietro without a rebound.
0:49 of 3rd period - Andy Mcdonald wins face-off versus Joe Thornton in Sharks zone.
0:58 of 3rd period - Shot by Patrick Marleau.
0:58 of 3rd period - Shot Misses the Net.
1:04 of 3rd period - Shot by Patrick Marleau.
1:04 of 3rd period - Stopped by Rick Dipietro without a rebound.
1:05 of 3rd period - Andy Mcdonald wins face-off versus Joe Thornton in Sharks zone.
1:25 of 3rd period - Shot by Andy Mcdonald.
1:25 of 3rd period - Shot Misses the Net.
1:27 of 3rd period - Shot by Patrick Marleau.
1:27 of 3rd period - Stopped by Rick Dipietro with a rebound.
2:20 of 3rd period - Icing by Chris Pronger.
2:21 of 3rd period - Joe Thornton wins face-off versus Mike Sillinger in Ducks zone.
3:06 of 3rd period - Icing by Chris Pronger.
3:07 of 3rd period - Mike Sillinger wins face-off versus Markus Naslund in Ducks zone.
3:28 of 3rd period - Shot by Mike Fisher.
3:28 of 3rd period - Stopped by Rick Dipietro with a rebound.
4:01 of 3rd period - Off-side.
4:02 of 3rd period - Paul Stastny wins face-off versus Stu Barnes in neutral zone.
4:12 of 3rd period - Jonathan Cheechoo is hit by Tuomo Ruutu and loses puck.
4:17 of 3rd period - Shot by Stu Barnes.
4:17 of 3rd period - Stopped by Jean-Sebastien Giguere with a rebound.
4:23 of 3rd period - Shot by Milan Michalek.
4:23 of 3rd period - Stopped by Jean-Sebastien Giguere without a rebound.
4:24 of 3rd period - Joe Thornton wins face-off versus Andrew Brunette in Ducks zone.
4:31 of 3rd period - Shot by Colby Armstrong.
4:31 of 3rd period - Shot Blocked by Andrew Brunette.
4:33 of 3rd period - Shot by Colby Armstrong.
4:33 of 3rd period - Stopped by Jean-Sebastien Giguere without a rebound.
4:34 of 3rd period - Andrew Brunette wins face-off versus Joe Thornton in Ducks zone.
5:54 of 3rd period - Patrick Marleau is hit by Corey Perry and loses puck.
6:27 of 3rd period - Minor Penalty to Francois Beauchemin for Tripping.
6:28 of 3rd period - Joe Thornton wins face-off versus Samuel Pahlsson in Sharks zone.
6:43 of 3rd period - Shot by Markus Naslund.
6:43 of 3rd period - Shot Hit the Post.
6:47 of 3rd period - Shot by Jonathan Cheechoo.
6:47 of 3rd period - Shot Misses the Net.
6:49 of 3rd period - Shot by Jonathan Cheechoo.
6:49 of 3rd period - Goal by Jonathan Cheechoo - Sharks : 2 - Ducks : 1.
6:50 of 3rd period - Tomas Plekanec wins face-off versus Todd Marchant in neutral zone.
7:35 of 3rd period - Shot by Patrick Marleau.
7:35 of 3rd period - Stopped by Rick Dipietro without a rebound.
7:36 of 3rd period - Petr Cajanek wins face-off versus Ryan Getzlaf in Sharks zone.
7:45 of 3rd period - Shot by Tuomo Ruutu.
7:45 of 3rd period - Shot Blocked by Markus Naslund.
7:49 of 3rd period - Shot by Petr Cajanek.
7:49 of 3rd period - Deflect By Mike Sillinger.
7:49 of 3rd period - Shot Misses the Net.
7:51 of 3rd period - Shot by Petr Cajanek.
7:51 of 3rd period - Stopped by Rick Dipietro without a rebound.
7:52 of 3rd period - Paul Stastny wins face-off versus Nik Antropov in Sharks zone.
7:52 of 3rd period - Chris Kunitz is hit by Nik Antropov and loses puck.
8:06 of 3rd period - Shot by Andrew Brunette.
8:06 of 3rd period - Shot Misses the Net.
8:44 of 3rd period - Shot by Markus Naslund.
8:44 of 3rd period - Stopped by Jean-Sebastien Giguere without a rebound.
8:45 of 3rd period - Ryan Getzlaf wins face-off versus Andy Mcdonald in Ducks zone.
8:50 of 3rd period - Shot by Markus Naslund.
8:50 of 3rd period - Shot Misses the Net.
9:14 of 3rd period - Shot by Steve Bernier.
9:14 of 3rd period - Shot Misses the Net.
9:41 of 3rd period - Icing by Matt Carle.
9:42 of 3rd period - Corey Perry wins face-off versus Petr Cajanek in Sharks zone.
10:28 of 3rd period - Tuomo Ruutu is hit by Milan Michalek and loses puck.
10:37 of 3rd period - Shot by Milan Michalek.
10:37 of 3rd period - Stopped by Jean-Sebastien Giguere without a rebound.
10:38 of 3rd period - Paul Stastny wins face-off versus Stu Barnes in Ducks zone.
10:38 of 3rd period - Paul Stastny is hit by Stu Barnes.
10:45 of 3rd period - Icing by Teppo Numminen.
10:46 of 3rd period - Paul Stastny wins face-off versus Stu Barnes in Sharks zone.
10:53 of 3rd period - Shot by Chris Kunitz.
10:53 of 3rd period - Stopped by Rick Dipietro without a rebound.
10:54 of 3rd period - Andy Mcdonald wins face-off versus Ryan Getzlaf in Sharks zone.
12:00 of 3rd period - Icing by Kyle Mclaren.
12:01 of 3rd period - Petr Cajanek wins face-off versus Tomas Plekanec in Sharks zone.
12:09 of 3rd period - Mike Sillinger is hit by Ville Peltonen and loses puck.
12:44 of 3rd period - Shot by Mike Sillinger.
12:44 of 3rd period - Stopped by Rick Dipietro without a rebound.
12:45 of 3rd period - Paul Stastny wins face-off versus Stu Barnes in Sharks zone.
12:48 of 3rd period - Shot by Andrew Brunette.
12:48 of 3rd period - Shot Misses the Net.
13:23 of 3rd period - Chris Kunitz is hit by Nik Antropov and loses puck.
14:11 of 3rd period - Icing by Bryan Allen.
14:12 of 3rd period - Corey Perry wins face-off versus Andy Mcdonald in Ducks zone.
14:48 of 3rd period - Shot by Tuomo Ruutu.
14:48 of 3rd period - Shot Misses the Net.
14:52 of 3rd period - Shot by Mike Sillinger.
14:52 of 3rd period - Shot Misses the Net.
14:57 of 3rd period - Petr Cajanek is hit by Kyle Mclaren and loses puck.
15:47 of 3rd period - Petr Cajanek is hit by Teppo Numminen and loses puck.
15:57 of 3rd period - Minor Penalty to Milan Michalek for Hooking.
15:58 of 3rd period - Joe Thornton wins face-off versus Paul Stastny in Ducks zone.
16:00 of 3rd period - Minor Penalty to Joe Thornton for Hooking.
16:01 of 3rd period - Markus Naslund wins face-off versus Paul Stastny in Ducks zone.
16:07 of 3rd period - Icing by Francois Beauchemin.
16:08 of 3rd period - Markus Naslund wins face-off versus Paul Stastny in Ducks zone.
16:27 of 3rd period - Off-side.
16:28 of 3rd period - Markus Naslund wins face-off versus Andy Mcdonald in neutral zone.
16:42 of 3rd period - Icing by Mike Fisher.
16:43 of 3rd period - Andy Mcdonald wins face-off versus Jonathan Cheechoo in Ducks zone.
17:49 of 3rd period - Shot by Paul Stastny.
17:49 of 3rd period - Stopped by Rick Dipietro with a rebound.
18:03 of 3rd period - Tomas Plekanec is hit by Petr Cajanek and loses puck.
18:08 of 3rd period - Shot by Petr Cajanek.
18:08 of 3rd period - Shot Misses the Net.
18:12 of 3rd period - Shot by Petr Cajanek.
18:12 of 3rd period - Stopped by Rick Dipietro without a rebound.
18:13 of 3rd period - Todd Marchant wins face-off versus Markus Naslund in Sharks zone.
19:25 of 3rd period - Ducks, Jean-Sebastien Giguere is pulled from the net.
19:41 of 3rd period - Minor Penalty to Andy Mcdonald for Holding Stick.
19:42 of 3rd period - Joe Thornton wins face-off versus Samuel Pahlsson in neutral zone.


Output by the SimonT Hockey Simulator (STHS) for Stephane Roy -- Original Page W3C XHTML 1.0 Valid